 Dungeon Crawl Stone Soup version 0.30-a0-341-g682706514a (webtiles) character file.

Game seed: 4929223075033525107

1568 p00ps00p the Fighter (level 9, 0/75 HPs)
             Began as a Djinni Transmuter on Nov 4, 2022.
             Slain by a scorpion (6 damage)
             ... on level 5 of the Dungeon.
             The game lasted 00:13:55 (5842 turns).

p00ps00p the Fighter (Djinni Transmuter)            Turns: 5842, Time: 00:13:56

Health: 0/75       AC:  5    Str: 13    XL:     9   Next: 13%
Gold:   392        EV: 16    Int: 15    God:
                   SH:  0    Dex: 14

rFire   + + +      SeeInvis .    b - +5 quarterstaff (chaos)
rCold   . . .      Faith    .    (shield currently unavailable)
rNeg    . . .      Spirit   .    k - +2 robe {rC+ rF+}
rPois   ∞          Reflect  .    (helmet currently unavailable)
rElec   .          Harm     .    j - +0 cloak
rCorr   +          Rampage  .    (no gloves)
Will    .....                    (boots unavailable)
Stlth   +.........               (no amulet)
HPRegen 0.32/turn                g - ring of resist corrosion
MPRegen 0.00/turn                o - +4 ring of evasion

@: appendages (expiring), flying
A: horns 2, flying, sickness immunity, fire resistance 2, cold vulnerability 1,
float, innate caster, HP casting, extra vitality 1
a: End Transformation


You were on level 5 of the Dungeon.
You had temporarily grown beastly horns.
You visited 1 branch of the dungeon, and saw 6 of its levels.

You collected 392 gold pieces.

Inventory:

Hand Weapons
 b - a +5 quarterstaff of chaos (weapon)
 e - a +3 falchion of holy wrath
Armour
 a - a +0 robe
 j - a +0 cloak (worn)
 k - a +2 robe of resistance (worn)
 l - a +2 helmet (melded)
Jewellery
 g - a ring of resist corrosion (left hand)
 o - a +4 ring of evasion (right hand)
 s - a ring of see invisible
Wands
 p - a wand of polymorph (11)
Scrolls
 n - a scroll of magic mapping
 r - 3 scrolls of teleportation
Potions
 c - a potion of might {unknown}
 d - 3 potions of resistance
 f - 4 potions of curing
 h - a potion of flight {unknown}
 i - 3 potions of haste {unknown}
 q - a potion of brilliance {unknown}
 t - a potion of heal wounds {unknown}


   Skills:
 + Level 10.9 Fighting
 - Level 2.1 Dodging
 - Level 3.0 Unarmed Combat
 - Level 1.5 Spellcasting


You couldn't memorise any spells.
You knew the following spells:

 Your Spells              Type           Power      Damage    Failure   Level
a - Beastly Appendage     Tmut           10%        N/A       12%         1
b - Wereblood             Tmut           5%         N/A       19%         2
c - Spider Form           Tmut/Pois      5%         N/A       36%         3
d - Ice Form              Ice/Tmut       5%         N/A       77%         4
e - Freeze                Ice            20%        1d4       12%         1
f - Passwall              Tmut/Erth      4%         N/A       19%         2
g - Summon Guardian Gole  Hex/Summ       5%         N/A       36%         3
h - Iskenderun's Mystic   Conj/Tloc      5%         2d3       77%         4
Your spell library was empty.

Dungeon Overview and Level Annotations

Branches:
Dungeon (6/15)
 Temple: D:4-7

Altars:
Hepliaklqana
Wu Jian

Annotations:
D:3 1 runed translucent door, KKCryptic's ghost, amateur MiGl


Innate Abilities, Weirdness & Mutations

You have temporarily grown beastly horns.
You are flying.
You are immune to sickness and miasma.
You are immune to poison.
Your flesh is very heat resistant. (rF++)
You are vulnerable to cold. (rC-)
You float through the air rather than walking.
You learn spells naturally, not from books.
Your magical power is your life essence.
You have superior vitality. (+4 MHP)


Message History

The mass of ice explodes!
The iceblast engulfs the centaur!!
You kill the centaur!
The now-empty wand crumbles to dust.
You hear an angry hiss.
The orc barely misses you.
You fly upwards.
There is a stone staircase leading down here.
You sock the orc!
You kill the orc!
Things that are here:
a +0 club; an orc corpse
There is a stone staircase leading down here.
You fly downwards.
The scorpion misses you.
The orc warrior hits you with a +0 scimitar!
The wight barely misses you. The scorpion misses you.
There is a stone staircase leading up here.
The scorpion stings you.
The orc warrior hits you with a +0 scimitar.
The wight hits you but does no damage.
You fly upwards.
There is a stone staircase leading down here.
Casting: Beastly Appendage (safe; 12% risk of failure)
Confirm with . or Enter, or press ? or * to list all spells.
You grow a pair of large bovine horns.
Your +2 helmet melds into your body.
The scorpion barely misses you. The wight completely misses you.
The orc warrior hits you with a +0 scimitar!
You closely miss the wight. The scorpion closely misses you.
The wight hits you with a +3 mace of freezing!
The wight freezes you. The orc warrior closely misses you.
The scorpion misses you.
You hit the wight.
The wight is moderately damaged.
Your transformation is almost over.
The orc warrior hits you with a +0 scimitar!
The wight hits you with a +3 mace of freezing.
The wight freezes you. The scorpion barely misses you. The wight misses you.
The orc warrior hits you with a +0 scimitar!!
* * * LOW HITPOINT WARNING * * *
The scorpion stings you.
You die...

.....#.#.##.# #.### #.#.).......
._...#.#.##># #.## #.###.#.#.##
...###.#.##.# #..# #.###.....#
##.# #.#.##.# ##.####...###.###
#.# #.#.##†# ##.#.##.###########
##.# #.#.##.###.###.#.# #.......
.#.###.#†##....#####..####.♣♣..♣♣
.........†<..†..o##.##.>.#.♣♣..♣♣
#...)....######z@#.####..'....()†
..####.......##..s## #..'......)
.#####...###.##..<## #.##.♣♣..♣♣
.##...........)....# #.##.♣♣..♣♣
.........###.#.#...# #.##.......
.##.####.# #.#.#...# #.#########
.##.# #.###.#.#...# #.#.#######
.##.# #.....[.....####...>......
...†## #####.#.##......[....#####


You could see an orc warrior, a scorpion and a wight.

Vanquished Creatures
  Sigmund (D:5)
  3 yaks (D:5)
  2 water moccasins (D:5)
  A centaur (D:6)
  A phantom (D:5)
  A scorpion (D:4)
  2 hounds (D:5)
  A jelly (D:5)
  Crazy Yiuf (D:2)
  An orc priest (D:4)
  Jessica (D:3)
  3 iguanas
  Ijyb (D:5)
  Terence (D:3)
  An orc wizard (D:5)
  Robin (D:3)
  3 gnolls (D:4)
  3 adders
  A white imp (D:5)
  An ufetubus (D:4)
  A worm (D:3)
  3 dart slugs
  7 orcs
  4 bats
  6 endoplasms
  A giant cockroach (D:1)
  37 goblins
  29 hobgoblins
  7 jackals
  3 quokkas
  5 ball pythons
  4 frilled lizards
  12 kobolds
  4 rats (D:1)
153 creatures vanquished.

Vanquished Creatures (others)
  A goblin zombie (D:4)
  2 withered plants (D:3)
3 creatures vanquished.

Grand Total: 156 creatures vanquished

Notes
Turn   | Place    | Note
-------+----------+-------------------------------------------
     0 | D:1      | p00ps00p the Djinni Transmuter began the quest for the Orb.
     0 | D:1      | p00ps00p set off with the following spells memorised:
                  | Beastly Appendage, Wereblood, Spider Form, Ice Form.
     0 | D:1      | Reached XP level 1. HP: 17/17 MP: 0/0
   114 | D:1      | Found a faded altar of an unknown god.
   152 | D:1      | Reached skill level 2 in Fighting
   152 | D:1      | Reached XP level 2. HP: 23/23 MP: 0/0
   453 | D:1      | Reached XP level 3. HP: 18/29 MP: 0/0
   453 | D:1      | Learned a level 1 spell: Freeze
   801 | D:1      | Reached skill level 3 in Fighting
  1649 | D:2      | Found a runed translucent door.
  1650 | D:2      | Noticed Crazy Yiuf
  1785 | D:2      | Killed Crazy Yiuf
  1786 | D:2      | Reached skill level 4 in Fighting
  1786 | D:2      | Reached XP level 4. HP: 35/37 MP: 0/0
  1911 | D:3      | Noticed Jessica
  1917 | D:3      | Killed Jessica
  1918 | D:3      | Reached XP level 5. HP: 39/42 MP: 0/0
  1918 | D:3      | Learned a level 2 spell: Passwall
  2018 | D:3      | Noticed Terence
  2026 | D:3      | Killed Terence
  2388 | D:3      | Reached skill level 5 in Fighting
  2474 | D:3      | Noticed Robin
  2486 | D:3      | Killed Robin
  2696 | D:3      | Found a runed translucent door.
  2696 | D:3      | Noticed KKCryptic's ghost (amateur MiGl)
  3409 | D:4      | Reached XP level 6. HP: 46/49 MP: 0/0
  3441 | D:4      | Reached skill level 6 in Fighting
  4187 | D:4      | Reached XP level 7. HP: 51/57 MP: 0/0
  4187 | D:4      | Learned a level 3 spell: Summon Guardian Golem
  4585 | D:5      | Entered Level 5 of the Dungeon
  4610 | D:5      | Reached skill level 7 in Fighting
  4706 | D:5      | Noticed Ijyb
  4713 | D:5      | Killed Ijyb
  4727 | D:5      | Noticed a water moccasin
  4739 | D:5      | Killed a water moccasin
  4896 | D:5      | Reached skill level 8 in Fighting
  5025 | D:5      | Noticed a yak
  5026 | D:5      | Noticed a yak
  5026 | D:5      | Noticed a yak
  5033 | D:5      | Killed a yak
  5034 | D:5      | Reached XP level 8. HP: 66/66 MP: 0/0
  5045 | D:5      | Killed a yak
  5046 | D:5      | Reached skill level 9 in Fighting
  5047 | D:5      | Killed a yak
  5440 | D:5      | Noticed Sigmund
  5449 | D:5      | Reached skill level 10 in Fighting
  5455 | D:5      | Killed Sigmund
  5627 | D:5      | Reached XP level 9. HP: 66/75 MP: 0/0
  5627 | D:5      | Learned a level 4 spell: Iskenderun's Mystic Blast
  5668 | D:5      | Found a hazy altar of Hepliaklqana.
  5679 | D:5      | Found an ornate altar of the Wu Jian Council.
  5842 | D:5      | Slain by a scorpion

Illustrated notes

Levels and vault maps discovered:
D:1:      noname_arrival_rooms_in_the_neighbourhood, layout_basic,
          shapermc_ecumenical_altar_mp_urbaneastern, serial_rivers,
          chequers_serial_rivers_large_a, chequers_serial_rivers_micro_c,
          chequers_serial_rivers_micro_a, chequers_serial_rivers_micro_c
D:2:      layout_basic, serial_forest, infiniplex_forest_lined_corner,
          infiniplex_forest_join, infiniplex_forest_clump_medium,
          infiniplex_forest_lined_2, infiniplex_forest_lined_3_way,
          infiniplex_forest_corner_1, infiniplex_forest_straight_1,
          infiniplex_forest_straight_4, basic_altar,
          hangedman_abyss_or_decor_stabs, uniq_crazy_yiuf_cottage
D:3:      layout_basic, gammafunk_ghost_grave, uniq_robin, uniq_terence,
          uniq_jessica
D:4:      minmay_goblin_kobold_castle, layout_basic
D:5:      layout_loops_ring, grunt_temple_overflow_open,
          dreamdust_princess_bridge, kennysheep_generic_room_5, uniq_edmund,
          uniq_sigmund, uniq_ijyb
D:6:      layout_gridville, mainiacjoe_overflow_catwalk,
          yredelemnul_forgotten_temple_becter

Skill      XL: |  1  2  3  4  5  6  7  8 |
---------------+-------------------------+-----
Fighting       | 2 4 5 6 8 10 | 10.9
Dodging        | |  2.1
Unarmed Combat | |  3.0
Spellcasting   | |  1.5

Action                   |  1- 3 |  4- 6 |  7- 9 || total
-------------------------+-------+-------+-------++-------
Melee: Unarmed           |   126 |       |       ||   126
       Headbutt          |    23 |    10 |    11 ||    44
       Punch             |     2 |       |       ||     2
       Quarterstaff      |       |   153 |   136 ||   289
 Cast: Beastly Appendage |    29 |    25 |    15 ||    69
Evoke: Wand              |       |       |     4 ||     4
  Use: Scroll            |     2 |     5 |     2 ||     9
       Potion            |     1 |       |       ||     1
 Stab: Sleeping          |       |       |     1 ||     1
Armor: Robe              |    17 |    61 |    42 ||   120
       Skin              |     2 |       |       ||     2
Dodge: Dodged            |    70 |   143 |   113 ||   326

Table legend: (Time is in decaauts)
 A = Elapsed time spent in this place.
 B = Non-inter-level travel time spent in this place.
 C = Inter-level travel time spent in this place.
 D = Time resting spent in this place.
 E = Time spent auto-exploring this place.
 F = Levels seen in this place.
 G = Mean time per level.
                   A        B        C        D        E       F      G
               +--------+--------+--------+--------+--------+-----+--------+
         Total |   5919 |   5823 |     96 |    721 |   4092 |   6 |  986.5 |
       Dungeon |   5919 |   5823 |     96 |    721 |   4092 |   6 |  986.5 |
               +--------+--------+--------+--------+--------+-----+--------+

Top non-repeatable levels by time:
     D:3: 1393 daAuts
     D:4: 1365 daAuts
     D:5: 1280 daAuts
     D:1: 1145 daAuts
     D:2: 727 daAuts
     D:6: 6 daAuts
